 Dungeon Crawl Stone Soup version 0.27.1-33-g824d729ab1 (webtiles) character file.

Game seed: 15906673716837584495

8 zeram the Sneak (level 2, 0/13 HPs)
             Began as a Spriggan Enchanter on Dec 7, 2021.
             Constricted to death by a ball python (1 damage)
             ... on level 1 of the Dungeon.
             The game lasted 00:00:43 (263 turns).

zeram the Sneak (Spriggan Enchanter)                 Turns: 263, Time: 00:00:44

Health: 0/13       AC:  2    Str:  4    XL:     2   Next: 0%
Magic:  6/6        EV: 14    Int: 16    God:
Gold:   0          SH:  0    Dex: 15    Spells: 5/6 levels left

rFire    . . .     SeeInvis +   a - +1 dagger
rCold    . . .     Faith    .   (shield restricted)
rNeg     . . .     Spirit   .   b - +0 robe
rPois    .         Reflect  .   (helmet restricted)
rElec    .         Harm     .   (no cloak)
rCorr    .         Rampage  .   (gloves unavailable)
Will     .....                  (boots unavailable)
Stlth    +++.......             (no amulet)
HPRegen  0.04/turn              (no ring)
MPRegen  0.10/turn              (no ring)

@: constricted, very quick
A: very small, no large weapons, unfitting armour, see invisible, speed 3
a: no special abilities


You were on level 1 of the Dungeon.
You visited 1 branch of the dungeon, and saw 1 of its levels.

Inventory:

Hand Weapons
 a - a +1 dagger (weapon)
Armour
 b - a +0 robe (worn)
Scrolls
 c - 2 scrolls of enchant armour {unknown}


   Skills:
 - Level 1.1 Short Blades
 - Level 2.6 Dodging
 + Level 5.4 Stealth
 - Level 2.6 Spellcasting
 - Level 3.6 Hexes


You had 5 spell levels left.
You knew the following spells:

 Your Spells              Type           Power      Damage    Failure   Level
a - Corona                Hex            14%        N/A       4%          1

Your spell library contained the following spells:

 Spells                   Type           Power      Damage    Failure   Level
 Confusing Touch          Hex            13%        N/A       13%         3
 Tukima's Dance           Hex            13%        N/A       13%         3
 Ensorcelled Hibernation  Hex/Ice        14%        N/A       14%         2
 Dazzling Flash           Conj/Hex       14%        N/A       28%         3


Dungeon Overview and Level Annotations

Branches:
Dungeon (1/15)

Altars:


Innate Abilities, Weirdness & Mutations

You are very small and have problems with some larger weapons.
You are too small for most types of armour.
You have supernaturally acute eyesight. (SInv)
You cover ground extremely quickly. (Speed+++)


Message History

The bat closely misses you.
You closely miss the bat.
The bat is severely wounded.
The bat hits you but does no damage. The bat misses you.
You closely miss the bat.
The bat is severely wounded.
The bat closely misses you. The bat misses you.
You hit the bat.
You kill the bat!
The quokka misses you.
You have reached level 2!
A ball python comes into view.
The bat completely misses you.
The ball python hisses angrily.
A ball python comes into view.
A ball python comes into view.
The bat hits you but does no damage.
Found 7 boomerangs.
The bat barely misses you.
The ball python hisses angrily. x2
You hit the ball python.
The ball python is severely wounded.
The ball python barely misses you. The ball python closely misses you.
The bat hits you but does no damage.
You barely miss the ball python.
The ball python is severely wounded.
The bat misses you. The ball python barely misses you.
The ball python grabs you. The ball python constricts you.
The ball python misses you.
You hit the ball python but do no damage.
The ball python is severely wounded.
The ball python closely misses you. The ball python constricts you.
The bat barely misses you. The ball python barely misses you. x2
The ball python constricts you.
You barely miss the ball python.
The ball python is severely wounded.
The bat closely misses you. The ball python closely misses you.
The ball python bites you.
* * * LOW HITPOINT WARNING * * *
The ball python constricts you.
You die...

≈≈P.........P≈≈#..########.##.#
≈P...........P≈#...........#...
P.............P#......##.#?)...
...............................
........................###....
# ####..............
##.######.#............
#....S.........r....#..
#..S@...r....####.#..
#.###.####...# #.... #b# #...#
#.... ..# ##### #.##S ...(
...### ...## ..## #..# #..


You could see a quokka, a bat and 2 ball pythons.

Vanquished Creatures
  5 bats (D:1)
  A giant cockroach (D:1)
  A frilled lizard (D:1)
  A rat (D:1)
8 creatures vanquished.

Notes
Turn   | Place    | Note
-------+----------+-------------------------------------------
     0 | D:1      | zeram the Spriggan Enchanter began the quest for the Orb.
     0 | D:1      | Reached XP level 1. HP: 9/9 MP: 5/5
   149 | D:1      | Reached skill level 5 in Stealth
   236 | D:1      | Reached XP level 2. HP: 4/13 MP: 6/6
   263 | D:1      | Constricted to death by a ball python

Illustrated notes

Levels and vault maps discovered:
D:1:      eino_arrival_druids_welcome, layout_rooms,
          dreamdust_ecumenical_altar_angels_and_demons,
          minmay_misc_feat_more_columns

Skill      XL: |  1 |
---------------+----+-----
Stealth        | 5 |  5.4
Short Blades   | |  1.1
Dodging        | |  2.6
Spellcasting   | |  2.6
Hexes          | |  3.6

Action                   || total
-------------------------++-------
Melee: Dagger            ||    49
 Cast: Corona            ||     1
Armor: Robe              ||    14
Dodge: Dodged            ||    96
